 Dungeon Crawl Stone Soup version 0.30.0-5-g1a98f26d00 (webtiles) character file.

Game seed: 5693467879539246211

564 MacCMillion the Digger (level 7, -1/36 HPs)
             Began as a Gargoyle Earth Elementalist on May 12, 2023.
             Slain by a killer bee (4 damage)
             ... on level 5 of the Dungeon.
             The game lasted 00:07:24 (5018 turns).

MacCMillion the Digger (GrEE)                       Turns: 5018, Time: 00:07:24

Health: -1/36      AC:  7    Str: 13    XL:     7   Next: 32%
Magic:  10/12      EV: 11    Int: 16    God:
Gold:   151        SH:  0    Dex: 10    Spells: 9/13 levels left

rFire   . . .        w - +7 sling of Regicide {flame, rPois}
rCold   . . .        (no shield)
rNeg    + . .        a - +0 robe
rPois   ∞            (no helmet)
rElec   +            (no cloak)
rCorr   .            (no gloves)
SInv    .            h - +0 pair of boots
Will    .....        u - amulet of the acrobat
Stlth   ++           s - ring of wizardry
HPRegen 0.26/turn    (no ring)
MPRegen 0.13/turn

%: acrobat, wizardry (x1)
@: no status effects
A: sickness immunity, AC +4, negative energy resistance 1, electricity
resistance, torment resistance 1, petrification resistance
a: no special abilities


You were on level 5 of the Dungeon.
You visited 2 branches of the dungeon, and saw 6 of its levels.

You collected 179 gold pieces.
You spent 28 gold pieces at shops.

Inventory:

Hand Weapons
 d - a +2 dagger of venom
 m - a +0 sling
 w - the +7 sling of Regicide (weapon) {flame, rPois}
   (You found it on level 5 of the Dungeon)

   rPois:     It protects you from poison.
Missiles
 n - 7 boomerangs
 r - 6 poisoned darts
 v - 6 javelins
 y - 2 boomerangs of dispersal
Armour
 a - a +0 robe (worn)
 g - a +0 buckler
 h - a +0 pair of boots (worn)
Jewellery
 s - a ring of wizardry (left hand)
 u - an amulet of the acrobat (around neck)
Scrolls
 c - a scroll of enchant armour
 e - 2 scrolls of identify
 i - 3 scrolls of immolation {unknown}
 j - 2 scrolls of fog
 l - 3 scrolls of teleportation {unknown}
 q - 2 scrolls of blinking {unknown}
Potions
 b - 2 potions of magic
 f - 2 potions of attraction
 k - 2 potions of heal wounds
 o - 2 potions of flight
 p - 2 potions of curing
 x - a potion of mutation {unknown}


   Skills:
 - Level 1.5 Dodging
 - Level 2.1 Stealth
 + Level 3.7 Spellcasting
 + Level 3.5 Conjurations
 - Level 0.7 Transmutations
 + Level 7.8 Earth Magic


You had 9 spell levels left.
You knew the following spells:

 Your Spells              Type           Power      Damage    Failure   Level
a - Sandblast             Erth           54%        2d13      1%          1
b - Stone Arrow           Conj/Erth      42%        3d9       1%          3

Your spell library contained the following spells:

 Spells                   Type           Power      Damage    Failure   Level
 Passwall                 Tmut/Erth      13%        N/A       1%          2
 Petrify                  Tmut/Erth      16%        N/A       12%         4


Dungeon Overview and Level Annotations

Branches:
Dungeon (5/15)             Temple (1/1) D:4

Altars:
Ashenzari
Cheibriados
Dithmenos
Elyvilon
Nemelex Xobeh
Qazlal
Ru
Sif Muna
Uskayaw
Wu Jian
Xom
Zin
The Shining One

Shops:
D:2 *   D:4 (?=((   D:5 *

Annotations:
D:4 exclusion: orc warrior


Innate Abilities, Weirdness & Mutations

You are immune to sickness and miasma.
Your stone body is resilient. (AC +4)
You are immune to poison.
You resist negative energy. (rN+)
You are resistant to electric shocks. (rElec)
You are resistant to unholy torment.
You are immune to petrification.


Message History

Things that are here:
a +0 mace; an orc corpse 2 killer bees come into view.
The killer bee buzzes angrily. x2; You hear an angry buzzing noise.
You hear a shout!
A killer bee comes into view. x3
An orc wizard comes into view. It is wielding a +0 dagger.
The orc wizard moves out of view.
The killer bee misses you.
The killer bee attacks as you move away!
The killer bee completely misses you.
A killer bee comes into view.
The blast of sand hits the killer bee!!
You kill the killer bee!
The killer bee buzzes angrily.
You hear a shout! x2
The killer bee stings you. The killer bee barely misses you.
The killer bee stings you.
The killer bee stings you but does no damage. x3
The killer bee stings you.
The blast of sand misses the killer bee.
The blast of sand hits the killer bee!
The killer bee is heavily wounded.
The killer bee closely misses you. The killer bee stings you.
The killer bee barely misses you. The killer bee stings you.
The killer bee barely misses you. The killer bee stings you. x2
* * * LOW HITPOINT WARNING * * *
The killer bee stings you but does no damage.
The killer bee stings you.
* * * LOW HITPOINT WARNING * * *
The killer bee barely misses you.
The killer bee stings you but does no damage.
You are too injured to fight recklessly!
Unknown command.
You are too injured to fight recklessly!
Unknown command.
As you read the scroll of butterflies, it crumbles to dust.
You hear the flapping of tiny wings.
The killer bee is knocked back by the sudden gust. x5
The killer bee stings you.
You die... ...... ...... #####...... #.byb...... #....#.#### #..bb#.# #y.bb#.## ##bbbybb.#

#ybb@bbby########...
#.bbb.b.b##.........
#.bbbbb..##.#####...
##.b.bb...#.........
#b..b..b.......###
#........##....#
#........#.....#
#.)........#.#.#
#..........#.#.#


You could see 5 killer bees.

Vanquished Creatures
  An ice beast (D:5)
  A killer bee (D:5)
  3 hounds
  An orc priest (D:4)
  3 iguanas (D:4)
  An orc wizard (D:4)
  4 gnolls
  5 adders
  A shadow imp (D:5)
  An ufetubus (D:5)
  4 dart slugs
  20 orcs
  6 endoplasms
  6 giant cockroaches
  10 goblins
  4 hobgoblins
  9 kobolds
  2 quokkas
  2 ball pythons
  3 bats
  4 frilled lizards
  6 rats
97 creatures vanquished.

Notes
Turn   | Place    | Note
-------+----------+-------------------------------------------
     0 | D:1      | MacCMillion the Gargoyle Earth Elementalist began the quest
                  | for the Orb.
     0 | D:1      | Reached XP level 1. HP: 10/10 MP: 3/3
   153 | D:1      | Reached skill level 4 in Earth Magic
   201 | D:1      | Reached XP level 2. HP: 15/15 MP: 3/5
   819 | D:1      | Reached XP level 3. HP: 15/19 MP: 1/6
   823 | D:1      | Learned a level 3 spell: Stone Arrow
   871 | D:1      | Reached skill level 5 in Earth Magic
  1046 | D:2      | Found Jucwyeh's Assorted Antiques.
  1448 | D:2      | Found an ornate altar of the Wu Jian Council.
  1975 | D:3      | Reached XP level 4. HP: 24/24 MP: 3/7
  1982 | D:3      | Reached skill level 6 in Earth Magic
  2369 | D:3      | Reached XP level 5. HP: 28/28 MP: 5/8
  2430 | D:3      | Found a faded altar of an unknown god.
  2755 | D:4      | Reached skill level 1 in Conjurations
  2866 | D:4      | Found Woang's Weapon Emporium.
  2874 | D:4      | Found Inymme's Magic Scroll Shop.
  2963 | D:4      | Bought a scroll of identify for 28 gold pieces
  3070 | D:4      | Found Wafag's Antique Weapon Boutique.
  3239 | D:4      | Found a staircase to the Ecumenical Temple.
  3276 | D:4      | Reached skill level 7 in Earth Magic
  3276 | D:4      | Reached XP level 6. HP: 32/32 MP: 6/10
  3292 | Temple   | Entered the Ecumenical Temple
  3620 | D:4      | Found Naiprel's Antique Weapon Boutique.
  3653 | D:4      | Found Icosu's Jewellery Boutique.
  4118 | D:4      | Noticed an orc warrior
  4514 | D:5      | Entered Level 5 of the Dungeon
  4677 | D:5      | Identified the +7 sling of Regicide {flame, rPois}
  4693 | D:5      | Found Seegoyrch's General Store.
  4781 | D:5      | Noticed an ice beast
  4793 | D:5      | Killed an ice beast
  4794 | D:5      | Reached XP level 7. HP: 36/36 MP: 1/12
  5018 | D:5      | Slain by a killer bee

Illustrated notes

Levels and vault maps discovered:
D:1:      lightli_arrival_farm, layout_basic, minivault_27
D:2:      layout_basic, basic_altar, serial_shops, nicolae_shop_tiny_glass
D:3:      layout_basic, dreamdust_ecumenical_altar_angels_and_demons
D:4:      wander_river, layout_basic, minmay_temple_entry_enclosed_plants,
          serial_shops, shop_statue, nicolae_shop_peninsula,
          nicolae_shop_behind_doors,
          nicolae_shop_temple_entry_statues_fountains,
          nicolae_shop_behind_doors, guppyfry_early_orc_mine
D:5:      layout_basic, serial_rivers, chequers_serial_rivers_micro_b,
          chequers_serial_rivers_large_b, chequers_serial_rivers_micro_c,
          chequers_serial_rivers_marsh, chequers_serial_rivers_micro_b,
          serial_shops, shop
Temple:   dshaligram_water_room_temple

Skill      XL: |  1  2  3  4  5  6 |
---------------+-------------------+-----
Earth Magic    | 4 5 6 7 |  7.8
Conjurations   | 2 3 |  3.5
Spellcasting   | 3 |  3.7
Dodging        | |  1.5
Stealth        | |  2.1
Transmutations | |  0.7

Action                     |  1- 3 |  4- 6 |  7- 9 || total
---------------------------+-------+-------+-------++-------
  Melee: Dagger            |     8 |     1 |       ||     9
         Punch             |     1 |       |       ||     1
   Fire: Sling             |       |     1 |     1 ||     2
   Cast: Sandblast         |    66 |    85 |     2 ||   153
         Stone Arrow       |       |     2 |       ||     2
    Use: Scroll            |       |     7 |     1 ||     8
   Stab: Sleeping          |     2 |     1 |       ||     3
 Armour: Robe              |     9 |     6 |     5 ||    20
  Dodge: Dodged            |     9 |    20 |     7 ||    36
